EVO
RICE UNIVERSITY OWLS @ FRESNO STATE UNIVERSITY BULLDOGS
10/23/2044
 
TOP OF THE 1ST
Rice University Owls batting - Pitching for Fresno State University Bulldogs : LHP Cory Youngquist
Pitching: LHP Cory Youngquist
Batting: LHB Josh Corkery 0-0: Bunt for hit to 15S - play at first, batter safe!
Batting: RHB Tony Casas 0-0: Ball
1-0: Ball
2-0: Ball
3-0: Base on Balls
Josh Corkery to second
Batting: RHB Troy Trice 0-0: Ball
1-0: Ball
2-0: Called Strike
2-1: SINGLE (Line Drive, 7S, EV 90.0 MPH)
Josh Corkery to third
Tony Casas to second
Batting: RHB Adam Maczko 0-0: Ball
1-0: Fielders Choice at 2nd, 4-6 (Groundball, 4S, EV 83.1 MPH)
Josh Corkery scores
Tony Casas to third
Batting: RHB Josh Faulconer 0-0: Fly out, F9 (Flyball, 9, EV 84.4 MPH)
Runner from 3rd tags up, SCORES, throw by RF
Batting: RHB Tony Beaumond 0-0: Fly out, F9 (Flyball, 9S, EV 75.6 MPH)
Top of the 1st over - 2 runs, 2 hits, 0 errors, 1 left on base; Rice University 2 - Fresno State University 0
BOTTOM OF THE 1ST
Fresno State University Bulldogs batting - Pitching for Rice University Owls : LHP Sergio Huerta
Pitching: LHP Sergio Huerta
Batting: RHB Janne Vihko 0-0: Ball
1-0: Ground out 6-3 (Groundball, 56, EV 87.5 MPH)
Batting: RHB Phil Hamby 0-0: Called Strike
0-1: Ground out 5-3 (Groundball, 56S, EV 70.6 MPH)
Batting: RHB Terry Oetker 0-0: Called Strike
0-1: Fly out, F4 (Popup, 4, EV 61.3 MPH)
Bottom of the 1st over - 0 runs, 0 hits, 0 errors, 0 left on base; Rice University 2 - Fresno State University 0
TOP OF THE 2ND
Rice University Owls batting - Pitching for Fresno State University Bulldogs : LHP Cory Youngquist
Batting: RHB Steve Goodall 0-0: Called Strike
0-1: Ball
1-1: Foul Ball, location: 2F
1-2: Ball
2-2: Fly out, F7 (Flyball, 7S, EV 90.6 MPH)
Batting: RHB Roberto Aispuro 0-0: Swinging Strike
0-1: Ball
1-1: Ball
2-1: Swinging Strike
2-2: Ground out 6-3 (Groundball, 56, EV 103.1 MPH)
Batting: LHB Mason Duffy 0-0: Ground out U3 (Groundball, 3, EV 85.0 MPH)
Top of the 2nd over - 0 runs, 0 hits, 0 errors, 0 left on base; Rice University 2 - Fresno State University 0
BOTTOM OF THE 2ND
Fresno State University Bulldogs batting - Pitching for Rice University Owls : LHP Sergio Huerta
Batting: RHB Tommy Tracy 0-0: Ball
1-0: Ball
2-0: Ball
3-0: Base on Balls
Batting: RHB Miguel Velasco 0-0: Foul Ball, location: 2F
0-1: Fielders Choice at 2nd, 2-4 (Groundball, 15S, EV 64.4 MPH)
Batting: RHB Andrew Pride 0-0: Ball
1-0: Foul Ball, location: 2F
1-1: Ball
2-1: Ball
3-1: Base on Balls
Miguel Velasco to second
Batting: SHB Andres Agudo 0-0: Ball
1-0: Fly out, F9 (Flyball, 9, EV 96.9 MPH)
Batting: RHB Ryan Miller 0-0: Called Strike
0-1: Ground out 3-1 (Groundball, 34S, EV 82.5 MPH)
Bottom of the 2nd over - 0 runs, 0 hits, 0 errors, 2 left on base; Rice University 2 - Fresno State University 0
TOP OF THE 3RD
Rice University Owls batting - Pitching for Fresno State University Bulldogs : LHP Cory Youngquist
Batting: LHB Josh Corkery 0-0: Ball
1-0: Called Strike
1-1: Ground out 4-3 (Groundball, 4, EV 90.0 MPH)
Batting: RHB Tony Casas 0-0: Fly out, F8 (Flyball, 78S, EV 95.6 MPH)
Batting: RHB Troy Trice 0-0: Called Strike
0-1: Called Strike
0-2: Foul Ball, location: 2F
0-2: Ball
1-2: Fly out, F9 (Line Drive, 9, EV 103.1 MPH)
Top of the 3rd over - 0 runs, 0 hits, 0 errors, 0 left on base; Rice University 2 - Fresno State University 0
BOTTOM OF THE 3RD
Fresno State University Bulldogs batting - Pitching for Rice University Owls : LHP Sergio Huerta
Batting: RHB Juan Gallegos 0-0: Ball
1-0: DOUBLE (Flyball, 8RXD, EV 91.3 MPH)
Batting: RHB Janne Vihko 0-0: Called Strike
0-1: Ball
1-1: Foul Ball, location: 2F
1-2: Ground out 6-3 (Groundball, 6, EV 81.9 MPH)
Batting: RHB Phil Hamby 0-0: Ball
1-0: Swinging Strike
1-1: Single, Error in OF, E7, batter to second base (Line Drive, 78S, EV 90.6 MPH)
Juan Gallegos scores
Batting: RHB Terry Oetker 0-0: Called Strike
0-1: Swinging Strike
0-2: SINGLE (Flyball, 6MD, EV 93.8 MPH)
Phil Hamby to third
Batting: RHB Tommy Tracy 0-0: Ball
1-0: SINGLE (Flyball, 6D, EV 89.4 MPH)
Phil Hamby scores
Terry Oetker to second
Batting: RHB Miguel Velasco 0-0: Grounds into double play, 6-4-3 (Groundball, 6, EV 95.6 MPH)
Bottom of the 3rd over - 2 runs, 4 hits, 1 error, 1 left on base; Rice University 2 - Fresno State University 2
TOP OF THE 4TH
Rice University Owls batting - Pitching for Fresno State University Bulldogs : LHP Cory Youngquist
Batting: RHB Adam Maczko 0-0: Ball
1-0: Called Strike
1-1: Ground out 4-3 (Groundball, 4, EV 86.3 MPH)
Batting: RHB Josh Faulconer 0-0: Ball
1-0: Called Strike
1-1: Ball
2-1: Ball
3-1: Fly out, F3 (Popup, 3F, EV 64.4 MPH)
Batting: RHB Tony Beaumond 0-0: Ball
1-0: Ball
2-0: SOLO HOME RUN (Flyball, 78XD, EV 112.5 MPH), Distance : 418 ft
Batting: RHB Steve Goodall 0-0: Ball
1-0: Called Strike
1-1: Ball
2-1: Ground out 4-3 (Groundball, 4MS, EV 73.8 MPH)
Top of the 4th over - 1 run, 1 hit, 0 errors, 0 left on base; Rice University 3 - Fresno State University 2
BOTTOM OF THE 4TH
Fresno State University Bulldogs batting - Pitching for Rice University Owls : LHP Sergio Huerta
Batting: RHB Andrew Pride 0-0: Foul Ball, location: 2F
0-1: Ball
1-1: Called Strike
1-2: Strikes out swinging
Batting: SHB Andres Agudo 0-0: Ball
1-0: Called Strike
1-1: Called Strike
1-2: Strikes out swinging
Batting: RHB Ryan Miller 0-0: Ball
1-0: Called Strike
1-1: Swinging Strike
1-2: Foul Ball, location: 2F
1-2: Ground out 5-3 (Groundball, 56, EV 85.6 MPH)
Bottom of the 4th over - 0 runs, 0 hits, 0 errors, 0 left on base; Rice University 3 - Fresno State University 2
TOP OF THE 5TH
Rice University Owls batting - Pitching for Fresno State University Bulldogs : LHP Cory Youngquist
Batting: RHB Roberto Aispuro 0-0: Ball
1-0: Foul Ball, location: 2F
1-1: Ground out 5-3 (Groundball, 56, EV 85.0 MPH)
Batting: LHB Mason Duffy 0-0: Ground out 2-3 (Groundball, 2R, EV 61.9 MPH)
Batting: LHB Josh Corkery 0-0: Called Strike
0-1: Called Strike
0-2: Ball
1-2: Foul Ball, location: 2F
1-2: Ball
2-2: Fly out, F3 (Flyball, 3D, EV 86.9 MPH)
Top of the 5th over - 0 runs, 0 hits, 0 errors, 0 left on base; Rice University 3 - Fresno State University 2
BOTTOM OF THE 5TH
Fresno State University Bulldogs batting - Pitching for Rice University Owls : LHP Sergio Huerta
Batting: RHB Juan Gallegos 0-0: Called Strike
0-1: Fly out, F6 (Flyball, 56D, EV 86.3 MPH)
Batting: RHB Janne Vihko 0-0: Ground out 5-3 (Groundball, 56, EV 81.9 MPH)
Batting: RHB Phil Hamby 0-0: Fly out, F9 (Flyball, 9S, EV 87.5 MPH)
Bottom of the 5th over - 0 runs, 0 hits, 0 errors, 0 left on base; Rice University 3 - Fresno State University 2
TOP OF THE 6TH
Rice University Owls batting - Pitching for Fresno State University Bulldogs : LHP Cory Youngquist
Batting: RHB Tony Casas 0-0: Ball
1-0: Swinging Strike
1-1: Foul Ball, location: 2F
1-2: Ball
2-2: Ball
3-2: Strikes out swinging
Batting: RHB Troy Trice 0-0: Ball
1-0: Foul Ball, location: 2F
1-1: Ball
2-1: SINGLE (Groundball, 4D, EV 98.8 MPH)
Batting: RHB Adam Maczko 0-0: Fielders Choice at 2nd, 1-6 (Groundball, 34S, EV 66.9 MPH)
Batting: RHB Josh Faulconer 0-0: Called Strike
Pickoff Throw to First - Out! 1-3
Top of the 6th over - 0 runs, 1 hit, 0 errors, 0 left on base; Rice University 3 - Fresno State University 2
BOTTOM OF THE 6TH
Fresno State University Bulldogs batting - Pitching for Rice University Owls : LHP Sergio Huerta
Batting: RHB Terry Oetker 0-0: Foul Ball, location: 2F
0-1: Ground out 4-3 (Groundball, 4, EV 83.1 MPH)
Batting: RHB Tommy Tracy 0-0: Fly out, F8 (Line Drive, 8RM, EV 90.6 MPH)
Batting: RHB Miguel Velasco 0-0: Ball
1-0: Ball
2-0: Ball
3-0: Called Strike
3-1: Called Strike
3-2: Foul Ball, location: 2F
3-2: Foul Ball, location: 2F
3-2: Fly out, F8 (Flyball, 78D, EV 108.1 MPH)
Bottom of the 6th over - 0 runs, 0 hits, 0 errors, 0 left on base; Rice University 3 - Fresno State University 2
TOP OF THE 7TH
Rice University Owls batting - Pitching for Fresno State University Bulldogs : LHP Cory Youngquist
Batting: RHB Josh Faulconer 0-0: Fly out, F9 (Flyball, 9S, EV 92.5 MPH)
Batting: RHB Tony Beaumond 0-0: Called Strike
0-1: Fly out, F7 (Flyball, 78XD, EV 92.5 MPH)
Batting: RHB Steve Goodall 0-0: Fly out, F8 (Flyball, 8RS, EV 84.4 MPH)
Top of the 7th over - 0 runs, 0 hits, 0 errors, 0 left on base; Rice University 3 - Fresno State University 2
BOTTOM OF THE 7TH
Fresno State University Bulldogs batting - Pitching for Rice University Owls : LHP Sergio Huerta
Batting: RHB Andrew Pride 0-0: Ball
1-0: Foul Ball, location: 2F
1-1: Ball
2-1: Fly out, F9 (Flyball, 9S, EV 89.4 MPH)
Batting: SHB Andres Agudo 0-0: Ground out 5-3 (Groundball, 56, EV 88.1 MPH)
Batting: RHB Ryan Miller 0-0: Swinging Strike
0-1: Ball
1-1: Foul Ball, location: 2F
1-2: Ball
2-2: Ball
3-2: SINGLE (Line Drive, 8RS, EV 89.4 MPH)
Pitching: LHP Jesus Espitia
Batting: RHB Juan Gallegos 0-0: Foul Ball, location: 2F
0-1: SINGLE (Line Drive, 4D, EV 106.9 MPH)
Ryan Miller to second
Batting: RHB Janne Vihko 0-0: Called Strike
0-1: Ball
1-1: Ball
2-1: Ball
3-1: Called Strike
3-2: SINGLE (Line Drive, 7S, EV 90.0 MPH)
Ryan Miller to third
Juan Gallegos to second
Ryan Miller scores
Juan Gallegos to third
Batting: RHB Phil Hamby 0-0: Fly out, F9 (Flyball, 89S, EV 76.9 MPH)
Bottom of the 7th over - 1 run, 3 hits, 0 errors, 2 left on base; Rice University 3 - Fresno State University 3
TOP OF THE 8TH
Rice University Owls batting - Pitching for Fresno State University Bulldogs : LHP Cory Youngquist
Batting: RHB Roberto Aispuro 0-0: Ball
1-0: SINGLE (Groundball, 56D, EV 103.8 MPH)
Pitching: RHP Manny Lebron
Batting: LHB Mason Duffy 0-0: Ball
1-0: Foul Ball, location: 2F
1-1: Fly out, F8 (Flyball, 8RS, EV 86.3 MPH)
Pinch Hitting: RHB Jonas Fernandez 0-0: Called Strike
0-1: Ball
1-1: Foul Ball, location: 2F
1-2: Ball
2-2: Fielders Choice at 2nd, 3-6 (Groundball, 3, EV 85.6 MPH)
Batting: RHB Tony Casas 0-0: Called Strike
0-1: Ball
1-1: Ball
2-1: Foul Ball, location: 2F
2-2: Ball
3-2: Foul Ball, location: 2F
3-2: Base on Balls
Jonas Fernandez to second
Batting: RHB Troy Trice 0-0: Ball
1-0: Swinging Strike
1-1: Foul Ball, location: 2F
1-2: Ball
2-2: Foul Ball, location: 2F
2-2: Strikes out swinging
Top of the 8th over - 0 runs, 1 hit, 0 errors, 2 left on base; Rice University 3 - Fresno State University 3
BOTTOM OF THE 8TH
Fresno State University Bulldogs batting - Pitching for Rice University Owls : LHP Jesus Espitia
Now at 2B: Justin Towry
Batting: RHB Terry Oetker 0-0: SINGLE (Groundball, 6MD, EV 96.3 MPH)
Batting: RHB Tommy Tracy 0-0: Swinging Strike
0-1: Ball
1-1: Foul Ball, location: 2F
1-2: Ball
2-2: Foul Ball, location: 2F
2-2: Fly out, F8 (Line Drive, 8RM, EV 86.9 MPH)
Batting: RHB Miguel Velasco 0-0: Ball
1-0: Fly out, F8 (Flyball, 8RM, EV 89.4 MPH)
Batting: RHB Andrew Pride 0-0: Called Strike
0-1: Ball
1-1: Ball
2-1: Foul Ball, location: 2F
2-2: Fly out, F8 (Line Drive, 8LD, EV 93.1 MPH)
Bottom of the 8th over - 0 runs, 1 hit, 0 errors, 1 left on base; Rice University 3 - Fresno State University 3
TOP OF THE 9TH
Rice University Owls batting - Pitching for Fresno State University Bulldogs : RHP Manny Lebron
Pitching: RHP Lorenzo Pacheco
Batting: LHB Jeff Palmowski 0-0: Ball
1-0: Ground out 4-3 (Groundball, 4, EV 90.6 MPH)
Batting: RHB Josh Faulconer 0-0: Ball
1-0: Ground out U3 (Groundball, 3, EV 79.4 MPH)
Batting: RHB Tony Beaumond 0-0: Swinging Strike
0-1: Ground out 4-3 (Groundball, 4S, EV 81.3 MPH)
Top of the 9th over - 0 runs, 0 hits, 0 errors, 0 left on base; Rice University 3 - Fresno State University 3
BOTTOM OF THE 9TH
Fresno State University Bulldogs batting - Pitching for Rice University Owls : LHP Jesus Espitia
Pinch Hitting: RHB Todd Vanasco 0-0: Ball
1-0: Fly out, F8 (Flyball, 8LS, EV 84.4 MPH)
Batting: RHB Ryan Miller 0-0: SOLO HOME RUN (Flyball, 9LD, EV 88.1 MPH), Distance : 332 ft
Bottom of the 9th over - 1 run, 1 hit, 0 errors, 0 left on base; Rice University 3 - Fresno State University 4
Game Over ... Fresno State University defeats Rice University, 4 to 3
Thursday, March 31st , 2022 - OOTP Baseball 22.12 Build 89